 Dungeon Crawl Stone Soup version 0.20.1-1-g8b1a95d (webtiles) character file.

63 robba the Sneak (level 4, -3/33 HPs)
             Began as a Human Assassin on Sept 7, 2017.
             Was an Initiate of Okawaru.
             Killed from afar by Sigmund (7 damage)
             ... with a puff of flame
             ... on level 3 of the Dungeon on Sept 8, 2017.
             The game lasted 00:17:37 (2035 turns).

robba the Sneak (Human Assassin)                    Turns: 2035, Time: 00:17:38

Health: -3/33      AC:  6    Str: 12    XL:     4   Next: 30%
Magic:  4/4        EV: 12    Int: 11    God:    Okawaru [......]
Gold:   27         SH:  0    Dex: 15    Spells: 3/3 levels left

rFire    . . .     SeeInvis .   t - +1 dagger (speed)
rCold    + . .     Gourm    .   (no shield)
rNeg     + . .     Faith    .   c - +0 robe
rPois    .         Spirit   .   j - +2 helmet
rElec    .         Reflect  .   d - +0 cloak
rCorr    .         Harm     .   (no gloves)
MR       .....                  (no boots)
Stlth    +++.......             (no amulet)
Regen    0.2/turn               n - ring of protection from cold
MPRegen  0.1/turn               v - ring of positive energy

@: no status effects
A: no striking features
a: Renounce Religion


You were on level 3 of the Dungeon.
You worshipped Okawaru.
Okawaru was noncommittal.
You were not hungry.

You visited 1 branch of the dungeon, and saw 3 of its levels.

You collected 27 gold pieces.

Inventory:

Hand Weapons
 a - a +2 dagger
 b - a +0 blowgun
 t - a +1 dagger of speed (weapon)
Missiles
 e - 8 poisoned needles (quivered)
 f - 2 curare-tipped needles
Armour
 c - a +0 robe (worn)
 d - a +0 cloak (worn)
 j - a +2 helmet (worn)
Jewellery
 n - a ring of protection from cold (left hand)
 v - a ring of positive energy (right hand)
Wands
 u - a wand of random effects (19/48)
Scrolls
 h - a scroll of blinking {unknown}
 l - a scroll of teleportation {unknown}
 p - a scroll of remove curse {unknown}
 q - a scroll of amnesia {unknown}
Potions
 k - a potion of lignification
 m - 2 potions of mutation {unknown}
 o - a potion of flight {unknown}
 r - a potion of might {unknown}
 s - a potion of haste {unknown}
Comestibles
 g - 3 bread rations
 i - 6 fruits


   Skills:
 + Level 2.2 Fighting
 + Level 2.6 Short Blades
 + Level 2.0 Throwing
 + Level 1.7 Dodging
 + Level 5.0 Stealth


You had 3 spell levels left.
You didn't know any spells.

Dungeon Overview and Level Annotations

Branches:
Dungeon (3/15)

Altars:
Okawaru
Xom

Annotations:
D:3 Sigmund


Message History

Sigmund says, "Now you see me, now you don't..."
Sigmund casts a spell.
Sigmund flickers and vanishes!
Deactivating autopickup; reactivate with Ctrl-A.
Something hits you! Something hits you.
There is an open door, spattered with blood here.
You see here an adder corpse.
You miss something. Something hits you.
You hit something but do no damage. You closely miss something.
You hit something. Something hits you.
* * * LOW HITPOINT WARNING * * *
There is an open door, spattered with blood here.
You see here an adder corpse.
Something hits you.
* * * LOW HITPOINT WARNING * * *
A puff of flame appears from out of thin air!
The puff of flame hits you!
You die...

... ...# #. ..
...# #.####.#
#...# .......
....##.
#...##.##.......
#...+...........
#...##.......#
#...###.##..##
+...{..@# ..##
#..)###.##.....
#...# #.........
#...# #.###.#...
#...# #.###.# r
#.$.# #.<...#
#...# #.###.#
#...# ###


There were no monsters in sight!

Vanquished Creatures
  2 adders
  3 bats (D:1)
  2 giant cockroaches
  6 goblins
  8 hobgoblins
  5 jackals (D:2)
  3 kobolds
  A ball python (D:1)
  4 frilled lizards
  6 rats
  2 butterflies (D:2)
42 creatures vanquished.

Notes
Turn   | Place    | Note
-------+----------+-------------------------------------------
     0 | D:1      | robba the Human Assassin began the quest for the Orb.
     0 | D:1      | Reached XP level 1. HP: 16/16 MP: 1/1
   225 | D:1      | Reached XP level 2. HP: 19/22 MP: 2/2
   840 | D:2      | Reached XP level 3. HP: 23/27 MP: 3/3
   861 | D:2      | Found an iron altar of Okawaru.
   865 | D:2      | Became a worshipper of Warmaster Okawaru
   916 | D:2      | Found a faded altar of an unknown god.
  1356 | D:2      | Found a shimmering altar of Xom.
  1403 | D:2      | Reached XP level 4. HP: 33/33 MP: 4/4
  1864 | D:2      | Reached skill level 5 in Stealth
  2010 | D:3      | Noticed Sigmund
  2035 | D:3      | Killed from afar by Sigmund

Skill      XL: |  1  2  3  4 |
---------------+-------------+-----
Stealth        | 5 |  5.0
Fighting       | |  2.2
Short Blades   | |  2.6
Throwing       | |  2.0
Dodging        | |  1.7

Action                   |  1- 3 |  4- 6 || total
-------------------------+-------+-------++-------
Melee: Dagger            |   115 |    28 ||   143
  Use: Scroll            |     2 |     1 ||     3
 Stab: Sleeping          |     6 |     1 ||     7
       Distracted        |     1 |       ||     1
  Eat: Fruit             |     2 |     2 ||     4
Armor: Robe              |    29 |     9 ||    38
Dodge: Dodged            |    76 |     8 ||    84
